 Dungeon Crawl Stone Soup version 0.27.0-66-gdc8fb28755 (webtiles) character file.

Game seed: 12089526880468971324

1999 robertstho the Magician (level 9, -1/60 HPs)
             Began as a Djinni Fire Elementalist on Aug 20, 2021.
             Was a Follower of Makhleb.
             Slain by Harold (10 damage)
             ... on level 7 of the Dungeon.
             The game lasted 00:09:02 (8680 turns).

robertstho the Magician (Djinni Fire Elementalist)  Turns: 8680, Time: 00:09:02

Health: -1/60      AC:  3    Str:  7    XL:     9   Next: 45%
Gold:   253        EV: 13    Int: 25    God:    Makhleb [*.....] SH:  0 Dex: 21

rFire    + + .     SeeInvis .   u - +3 war axe "Jalonedi" {vorpal, rElec}
rCold    x . .     Faith    .   (no shield)
rNeg     . . .     Spirit   .   a - +0 robe
rPois    ∞         Reflect  .   (no helmet)
rElec    +         Harm     .   (no cloak)
rCorr    .         Rampage  .   n - +0 pair of gloves
Will     .....                  (boots unavailable)
Stlth    +++.......             (no amulet)
HPRegen  0.20/turn              d - +6 ring of intelligence
MPRegen  0.00/turn              k - +6 ring of dexterity

@: confusing by touch, flying
A: sickness immunity, fire resistance 2, cold vulnerability 1, float, innate
caster, hp casting, extra vitality 1
a: Renounce Religion


You were on level 7 of the Dungeon.
You worshipped Makhleb.
Makhleb was aware of your devotion.
You visited 1 branch of the dungeon, and saw 7 of its levels.

You collected 253 gold pieces.

Inventory:

Hand Weapons
 r - a +2 dagger of freezing
 u - the +3 war axe "Jalonedi" (weapon) {vorpal, rElec}
   (You took it off a hobgoblin on level 4 of the Dungeon)

   It inflicts extra damage upon your enemies.
   rElec:     It insulates you from electricity.
Armour
 a - a +0 robe (worn)
 c - the +1 chain mail "Wohis" {rC++ Regen+ Int+3 Dex-4}
   (You took it off an orc on level 4 of the Dungeon)

   Int:       It affects your intelligence (+3).
   Dex:       It affects your dexterity (-4).
   rC:        It greatly protects you from cold.
   Regen:     It increases your rate of health regeneration.
 n - a +0 pair of gloves (worn)
 v - the +1 leather armour of the Gastropod {Int-2 Dex+7 Stlth+}
   (You took it off a hobgoblin on level 4 of the Dungeon)

   Int:       It affects your intelligence (-2).
   Dex:       It affects your dexterity (+7).
   Stlth:     It makes you more stealthy.
Jewellery
 d - a +6 ring of intelligence (left hand)
 k - a +6 ring of dexterity (right hand)
Wands
 w - a wand of flame (14)
 y - a wand of iceblast (7)
Scrolls
 h - 2 scrolls of enchant weapon {unknown}
 i - a scroll of amnesia {unknown}
 j - 4 scrolls of identify
 l - 4 scrolls of noise
 p - 2 scrolls of torment {unknown}
 q - a scroll of blinking {unknown}
 t - a scroll of magic mapping {unknown}
 A - 2 scrolls of teleportation {unknown}
 D - a scroll of enchant armour {unknown}
 E - a scroll of acquirement
Potions
 b - a potion of resistance {unknown}
 e - 3 potions of curing {unknown}
 f - 3 potions of lignification {unknown}
 g - a potion of haste {unknown}
 m - a potion of might {unknown}
 o - a potion of attraction {unknown}
 s - 3 potions of degeneration {unknown}
 x - a potion of berserk rage {unknown}
 z - 2 potions of magic {unknown}
 B - a potion of invisibility {unknown}
 C - a potion of brilliance {unknown}
 F - a potion of heal wounds {unknown}
 G - a potion of ambrosia {unknown}
 H - a potion of flight {unknown}


   Skills:
 * Level 3.1 Fighting
 + Level 0.3 Short Blades
 + Level 1.2 Axes
 + Level 1.2 Armour
 + Level 3.0 Dodging
 + Level 3.3 Stealth
 * Level 7.7 Spellcasting
 * Level 3.4 Invocations


You couldn't memorise any spells.
You knew the following spells:

 Your Spells              Type           Power      Damage    Failure   Level
a - Foxfire               Conj/Fire      100%       2x1d9     1%          1
b - Conjure Flame         Conj/Fire      48%        6-21      1%          3
c - Inner Flame           Hex/Fire       48%        N/A       1%          3
d - Sticky Flame          Conj/Fire      48%        2d7       2%          4
e - Fireball              Conj/Fire      24%        3d11      7%          5
f - Animate Skeleton      Necr           96%        N/A       1%          1
g - Slow                  Hex            48%        N/A       1%          2
h - Confusing Touch       Hex            48%        N/A       1%          3
i - Dispel Undead         Necr           48%        3d18      2%          4
Your spell library was empty.

Dungeon Overview and Level Annotations

Branches:
Dungeon (7/15)
 Temple: D:4-7

Altars:
Dithmenos
Elyvilon
Fedhas
Makhleb
Okawaru
Ru
Trog
Xom
Zin

Annotations:
D:7 Harold


Innate Abilities, Weirdness & Mutations

You are immune to sickness and miasma.
You are immune to poison.
Your flesh is very heat resistant. (rF++)
You are vulnerable to cold. (rC-)
You float through the air rather than walking.
You learn spells naturally, not from books.
Your magical power is your life essence.
You have superior vitality. (+4 HP)


Message History

The foxfire hits Harold but does no damage.
The foxfire hits Harold but does no damage.
Casting: Foxfire (safe; 1% risk of failure)
Press: ? - help, Q - select action, (/) - cycle Dir - look around, f - activate You conjure some foxfire!
The foxfire hits Harold.
Harold is lightly wounded.
The foxfire hits Harold.
Harold is lightly wounded.
Unknown command.
Casting: Foxfire (safe; 1% risk of failure)
Confirm with . or Enter, or press ? or * to list all spells.
Aiming: Sticky Flame (dangerous; 2% risk of failure)
Press: ? - help, Shift-Dir - straight line, f - Harold
Aim: Harold, wielding a +0 flail, wearing a +0 scale mail and quivering 4 throwing nets (lightly wounded, 100% to hit)
The sticky flame hits Harold!
Harold is moderately wounded.
Harold is covered in liquid flames!
Harold burns!
Harold hits you with a +0 flail!
You hit Harold but do no damage.
Harold is moderately wounded.
Harold burns! x2
Harold looks eager to get this over with.
Harold closely misses you. Harold barely misses you.
You barely miss Harold.
Harold is moderately wounded.
Harold burns!
Harold hits you with a +0 flail!!
Casting: Sticky Flame (dangerous; 2% risk of failure)
Confirm with . or Enter, or press ? or * to list all spells.
Your hands begin to glow red.
Harold burns!
Harold hits you but does no damage.
Harold burns!
Harold hits you with a +0 flail!
* * * LOW HITPOINT WARNING * * *
Unknown command.
Okay, then.
As you read the scroll labelled NOAMOILONKE, it crumbles to dust.
You hear a loud clanging noise!
It was a scroll of noise.
You hear a shout!
You hear a roar!
Harold burns!
Harold hits you with a +0 flail!
You die...

##### ##...##
##.###.########### ##.##
##.##........ ######.##
##.#.####### #......#
#....§§.# #......##
##.#.###.### ......#.##
##.##@@......
#........###.#######.###
#.....#.....##
########.#### # #.# #
#.# # #+# # #


You could see Harold (burning).

Vanquished Creatures
  Edmund (D:5)
  A water moccasin (D:7)
  An orc warrior (D:4)
  A sky beast (D:5)
  2 ice beasts
  A necrophage (D:5)
  4 centaurs
  A phantom (D:5)
  2 scorpions
  2 howler monkeys (D:4)
  5 wights (D:7)
  A hound (D:4)
  3 orc priests
  2 centaur skeletons
  3 iguanas
  2 scorpion zombies
  An orc wizard (D:6)
  A hound skeleton (D:4)
  7 adders
  2 howler monkey skeletons
  A river rat (D:6)
  2 shadow imps
  3 worms
  3 dart slugs
  15 orcs
  5 ball pythons
  3 endoplasms
  A giant cockroach (D:6)
  11 goblins
  9 hobgoblins
  8 kobolds
  5 quokkas
  3 bats
  4 frilled lizards
  A jackal skeleton (D:4)
  7 rats
124 creatures vanquished.

Vanquished Creatures (others)
  655 foxfires
655 creatures vanquished.

Grand Total: 779 creatures vanquished

Notes
Turn   | Place    | Note
-------+----------+-------------------------------------------
     0 | D:1      | robertstho the Djinni Fire Elementalist began the quest for
                  | the Orb.
     0 | D:1      | Reached XP level 1. HP: 15/15 MP: 0/0
   235 | D:1      | Found a faded altar of an unknown god.
   365 | D:1      | Reached XP level 2. HP: 14/21 MP: 0/0
   948 | D:1      | Reached skill level 3 in Spellcasting
  1422 | D:1      | Reached XP level 3. HP: 21/25 MP: 0/0
  1422 | D:1      | Learned a level 1 spell: Animate Skeleton
  2227 | D:3      | Reached XP level 4. HP: 29/31 MP: 0/0
  2816 | D:3      | Found a shadowy altar of Dithmenos.
  3464 | D:3      | Reached XP level 5. HP: 35/36 MP: 0/0
  3464 | D:3      | Learned a level 2 spell: Slow
  3537 | D:3      | Reached skill level 4 in Spellcasting
  3894 | D:4      | Found a burning altar of Makhleb.
  3896 | D:4      | Noticed a green death
  3898 | D:4      | Found a glowing silver altar of Zin.
  3899 | D:4      | Noticed an angel
  3908 | D:4      | Reached skill level 1 in Fighting
  3913 | D:4      | Reached XP level 6. HP: 32/42 MP: 0/0
  3915 | D:4      | Became a worshipper of Makhleb the Destroyer
  4360 | D:4      | Identified the +3 war axe "Jalonedi" {vorpal, rElec}
  4360 | D:4      | Identified the +1 leather armour of the Gastropod {Int-2
                  | Dex+7 Stlth+}
  4480 | D:4      | Reached skill level 5 in Spellcasting
  4802 | D:4      | Noticed an orc warrior
  4810 | D:4      | Killed an orc warrior
  4811 | D:4      | Reached skill level 1 in Invocations
  4811 | D:4      | Reached XP level 7. HP: 39/47 MP: 0/0
  4811 | D:4      | Learned a level 3 spell: Confusing Touch
  5000 | D:4      | Identified the +1 chain mail "Wohis" {rC++ Regen+ Int+3
                  | Dex-4}
  5350 | D:5      | Entered Level 5 of the Dungeon
  5350 | D:5      | Noticed Edmund
  5358 | D:5      | Reached * piety under Makhleb
  5363 | D:5      | Killed Edmund
  5364 | D:5      | Reached XP level 8. HP: 16/54 MP: 0/0
  5623 | D:5      | Reached skill level 1 in Axes
  5764 | D:5      | Reached skill level 6 in Spellcasting
  5997 | D:5      | Found a sacrificial altar of Ru.
  6311 | D:5      | Found a shimmering altar of Xom.
  6703 | D:6      | Found a blossoming altar of Fedhas.
  6838 | D:6      | Reached skill level 1 in Armour
  7202 | D:6      | Reached XP level 9. HP: 57/59 MP: 0/0
  7202 | D:6      | Learned a level 4 spell: Dispel Undead
  7233 | D:6      | Found a white marble altar of Elyvilon.
  7309 | D:6      | Found a bloodstained altar of Trog.
  7628 | D:7      | Identified a scroll of acquirement
  7639 | D:7      | Reached skill level 7 in Spellcasting
  7729 | D:7      | Found an iron altar of Okawaru.
  8669 | D:7      | Noticed Harold
  8680 | D:7      | Slain by Harold

Illustrated notes

Levels and vault maps discovered:
D:1:      onia_arrival_mini_spirals, layout_basic, ebering_ecumenical_altar_mist
D:2:      layout_rooms
D:3:      layout_loops_ring, grunt_dithmenos_smoke_and_mirrors,
          uniq_crazy_yiuf_cottage
D:4:      layout_loops_ring, grunt_temple_overflow_order_and_chaos_2
D:5:      layout_layer_cave, overflow_temple_1_default,
          lemuel_coloured_pillars_altar, minmay_misc_feat_encased,
          supply_closet_lemuel, st_stairs_5, uniq_edmund
D:6:      nicolae_whirlpool, layout_basic, mainiacjoe_overflow_brackets,
          overflow_temple_1_default, lightli_temple_of_fire,
          gup_sewer_entry_spiral
D:7:      layout_loops_corners, kennysheep_okawaru_gauntlet,
          minmay_temple_entry_arrows, hangedman_decor_lopped, minmay_ruffians,
          uniq_harold

Skill      XL: |  1  2  3  4  5  6  7  8  9 |
---------------+----------------------------+-----
Spellcasting   | 3 4 5 6 7 |  7.7
Stealth        | 2 3 |  3.3
Fighting       | 1 2 3 |  3.1
Invocations    | 1 2 3 |  3.4
Axes           | 1 |  1.2
Armour         | 1 |  1.2
Dodging        | 3 |  3.0
Short Blades   | |  0.3

Action                   |  1- 3 |  4- 6 |  7- 9 || total
-------------------------+-------+-------+-------++-------
Melee: Dagger            |       |     9 |       ||     9
       War axe           |       |     9 |    12 ||    21
 Cast: Foxfire           |    77 |   114 |   214 ||   405
       Sticky Flame      |       |     9 |     5 ||    14
       Confusing Touch   |       |       |     1 ||     1
  Use: Scroll            |       |       |     2 ||     2
 Stab: Sleeping          |       |     3 |       ||     3
Armor: Robe              |     1 |     2 |     3 ||     6
       Leather armour    |       |     2 |     1 ||     3
Dodge: Dodged            |     9 |    27 |    30 ||    66
